 Dungeon Crawl Stone Soup version 0.22-a0-521-gb1378044ac (webtiles) character file.

28 Kaname the Magician (level 3, 24/24 HPs)
             Began as a Demonspawn Wizard on June 20, 2018.
             Quit the game on level 2 of the Dungeon.
             The game lasted 00:03:18 (1531 turns).

Kaname the Magician (Demonspawn Wizard)             Turns: 1531, Time: 00:03:19

Health: 24/24      AC:  3    Str:  7    XL:     3   Next: 0%
Magic:  5/7        EV: 12    Int: 24    God:
Gold:   90         SH:  0    Dex: 11    Spells: 7/8 levels left

rFire    . . .     SeeInvis .   e - +2 dagger (protect)
rCold    + . .     Gourm    .   (no shield)
rNeg     . . .     Faith    .   a - +0 robe
rPois    .         Spirit   .   l - +0 helmet
rElec    .         Reflect  .   (no cloak)
rCorr    .         Harm     .   (no gloves)
MR       .....                  (no boots)
Stlth    ++........             (no amulet)
HPRegen  0.08/turn              q - +4 ring of intelligence
MPRegen  0.10/turn              (no ring)

@: no status effects
A: cold resistance 1, sanguine armour 1
a: no special abilities


You were on level 2 of the Dungeon.
You were not hungry.

You visited 1 branch of the dungeon, and saw 2 of its levels.

You collected 90 gold pieces.

Inventory:

Hand Weapons
 e - a +2 dagger of protection (weapon)
Armour
 a - a +0 robe (worn)
 b - a +0 hat
 j - a cursed +0 shield
 l - a +0 helmet (worn)
Jewellery
 q - a +4 ring of intelligence (left hand)
Scrolls
 f - a scroll of blinking {unknown}
 h - a scroll of enchant weapon {unknown}
 k - 2 scrolls of teleportation {unknown}
 n - 2 scrolls of magic mapping {unknown}
 p - a scroll of identify {unknown}
 r - a scroll of remove curse {unknown}
Potions
 c - 2 potions of curing {unknown}
 g - 2 potions of flight {unknown}
 i - 2 potions of lignification {unknown}
 m - a potion of degeneration {unknown}
 s - a potion of might {unknown}
Comestibles
 d - 5 rations
 o - a chunk of flesh


   Skills:
 - Level 1.7 Dodging
 - Level 1.7 Stealth
 - Level 3.0 Spellcasting
 + Level 3.0 Conjurations
   Level 1.0 Summonings
   Level 0.8 Translocations


You had 7 spell levels left.
You knew the following spells:

 Your Spells              Type           Power        Failure   Level  Hunger
a - Magic Dart            Conj           ###.         3%          1    None

Your spell library contained the following spells:

 Spells                   Type           Power        Failure   Level  Hunger
 Conjure Flame            Conj/Fire      ##......     17%         3    ###....
 Slow                     Hex            #.......     16%         2    ##.....
 Mephitic Cloud           Conj/Pois/Air  #.......     22%         3    ###....
 Blink                    Tloc           N/A          12%         2    ##.....
 Call Imp                 Summ           #.......     11%         2    ##.....


Dungeon Overview and Level Annotations

Branches:
Dungeon (2/15)

Altars:


Innate Abilities, Weirdness & Mutations

Your flesh is cold resistant. (rC+)
When seriously injured, your bleeding wounds create armour. (AC +0)


Message History

Found a stone staircase leading up.
You now have 90 gold pieces (gained 2).
Found 20 stones.
A frilled lizard comes into view.
You see here 14 gold pieces.
A frilled lizard is nearby!
A frilled lizard is nearby!
Casting: Magic Dart (safe; 3% risk of failure)
Confirm with . or Enter, or press ? or * to list all spells.
Aiming: Magic Dart (safe; 3% risk of failure)
Press: ? - help, Shift-Dir - straight line, f - frilled lizard
Aim: a frilled lizard (resting)
The magic dart hits the frilled lizard.
You kill the frilled lizard!
You have reached level 3!
Your experience leads to an increase in your attributes!
Your base attributes are Str 7, Int 19, Dex 11.
Increase (S)trength, (I)ntelligence, or (D)exterity?
You feel clever.
Your demonic ancestry asserts itself...
You feel your blood ready itself to protect you.
Are you sure you want to abandon this character and quit the game? (Confirm with "yes".)

#.#
#.#.).......#........
#.#
#.............#.....#
#.#
###..........#...##[#
#.#
###................#
.. #.#
#..............##..#
.
####......>..####..#
#
#..........###..####
##..................
#.@....#......#####
#.......###.........
#.......# ##....####
.........# #....
..........#...##.
..<...........#. <.
.........(...#.
......†.......


There were no monsters in sight!

Vanquished Creatures
  A dart slug (D:1)
  A giant cockroach (D:1)
  4 goblins (D:1)
  4 hobgoblins
  2 jackals (D:2)
  A bat (D:1)
  2 frilled lizards
  5 kobolds
  5 rats
25 creatures vanquished.

Notes
Turn   | Place    | Note
-------+----------+-------------------------------------------
     0 | D:1      | Kaname the Demonspawn Wizard began the quest for the Orb.
     0 | D:1      | Reached XP level 1. HP: 13/13 MP: 4/4
   776 | D:1      | Gained mutation: Your flesh is cold resistant. (rC+) [demonic ancestry]
   776 | D:1      | Reached XP level 2. HP: 19/19 MP: 4/6
  1530 | D:2      | Gained mutation: When seriously injured, your bleeding wounds create armour. (AC +0) [demonic ancestry]
  1530 | D:2      | Reached XP level 3. HP: 24/24 MP: 5/7
  1531 | D:2      | Quit the game

Vault maps used:
D:1:      lightli_arrival_quake
D:2:      first_ration

Skill      XL: |  1  2 |
---------------+-------+-----
Conjurations   | 2 3 |  3.0
Dodging        | |  1.7
Stealth        | |  1.7
Spellcasting   | |  3.0
Summonings     | |  1.0
Translocations | |  0.8

Action                   || total
-------------------------++-------
Melee: Unarmed           ||    23
       Dagger            ||    44
 Cast: Magic Dart        ||    53
  Eat: Chunk             ||     2
Armor: Robe              ||    19
Dodge: Dodged            ||    46

Table legend:
 A = Spawn XP
 B = Non-spawn XP
 C = Spawn XP percentage of total XP
 D = Spawn monster count
 E = Non-spawn monster count
 F = Spawn count percentage of total count
 G = Total turns spent on level
                    A         B        C        D         E        F      G
               +---------+---------+-------+---------+---------+-------+---------
         Total |       0 |      41 |   0.0 |       0 |      25 |   0.0 |  1531
               +---------+---------+-------+---------+---------+-------+---------
           D:1 |       0 |      32 |   0.0 |       0 |      19 |   0.0 |  1343
           D:2 |       0 |       9 |   0.0 |       0 |       6 |   0.0 |   188
               +---------+---------+-------+---------+---------+-------+---------
